 Dungeon Crawl Stone Soup version 0.24-a0-504-gcfb02b9d07 (webtiles) character file.

Game seed: 1911628883810204658

54 Mithandil the Conjurer (level 3, 0/19 HPs)
             Began as a Deep Elf Conjurer on July 16, 2019.
             Succumbed to an adder's poison
             ... on level 2 of the Dungeon.
             The game lasted 00:08:26 (1424 turns).

Mithandil the Conjurer (Deep Elf Conjurer)          Turns: 1424, Time: 00:08:27

Health: 0/19       AC:  3    Str:  6    XL:     3   Next: 66%
Magic:  1/10       EV: 13    Int: 19    God:
Gold:   51         SH:  0    Dex: 15    Spells: 7/10 levels left

rFire    . . .     SeeInvis .   e - +0 club
rCold    . . .     Gourm    .   (no shield)
rNeg     . . .     Faith    .   a - +0 robe
rPois    .         Spirit   .   (no helmet)
rElec    .         Reflect  .   (no cloak)
rCorr    .         Harm     .   (no gloves)
MR       .....                  h - +0 pair of boots
Stlth    ++........             (no amulet)
HPRegen  0.06/turn              (no ring)
MPRegen  0.12/turn              (no ring)

@: lethally poisoned (0 -> -4)
A: no striking features
a: no special abilities


You were on level 2 of the Dungeon.
You were not hungry.

You visited 1 branch of the dungeon, and saw 3 of its levels.

You collected 51 gold pieces.

Inventory:

Hand Weapons
 e - a +0 club (weapon)
Missiles
 d - 40 stones (quivered)
 g - 20 arrows
Armour
 a - a +0 robe (worn)
 f - a +0 ring mail
 h - a +0 pair of boots (worn)
Scrolls
 k - a scroll of teleportation {unknown}
Potions
 i - a potion of might {unknown}
 j - a potion of curing {unknown}
Comestibles
 b - 6 chunks of flesh
 c - 4 rations


   Skills:
 - Level 2.4 Dodging
 + Level 3.1 Stealth
 * Level 4.2 Spellcasting
 * Level 5.1 Conjurations


You had 7 spell levels left.
You knew the following spells:

 Your Spells              Type           Power        Failure   Level  Hunger
a - Magic Dart            Conj           ###.         1%          1    None
b - Searing Ray           Conj           ###...       2%          2    ##.....

Your spell library contained the following spells:

 Spells                   Type           Power        Failure   Level  Hunger
 Dazzling Spray           Conj/Hex       ##....       14%         3    ###....
 Iskenderun's Mystic Bla  Conj           ###.....     16%         4    ####...
 Force Lance              Conj/Tloc      ##......     43%         4    ####...
 Fulminant Prism          Conj/Hex       ##........   43%         4    ####...


Dungeon Overview and Level Annotations

Branches:
Dungeon (3/15)

Altars:

Annotations:
D:2 Terence


Message History

Press: ? - help, Shift-Dir - straight line, f/p - Terence
Aim: Terence, wielding a +2 mace of protection and wearing a +2 scale mail of fire resistance (almost dead)
The magic dart hits Terence but does no damage.
Terence is almost dead.
Terence hits you with a +2 mace of protection!
* * * LOW HITPOINT WARNING * * *
Terence says, "You're history."
The adder hisses angrily.
The adder bites you.
* * * LOW HITPOINT WARNING * * *
Terence shouts, "ATTACK!!!"
The adder bites you but does no damage. The adder bites you.
* * * LOW HITPOINT WARNING * * *
You are lethally poisoned!
The adder poisons you!
* * * LOW HITPOINT WARNING * * *
You feel sick.
Found a mace.
You die...

..)................#..##....#
...###..#######.......#...##
..####..####........÷......#
.............##.......#...##
.#####..####.###...#..##.##
........# ##.####.##..# .#
..###...###...###.##..# .#
........##.....#...#@.# .#
..###...÷.<.....@.S...# .#
.## #.####.........#.## .#
.####.####..####..#### .#
.#..........# #....#
.#.##.####### ♣....♣
............# ♣...♣♣
....>.......# ♣♣.♣♣
...##.####### )♣♣ ...##.#


You could see Terence and an adder.

Vanquished Creatures
  2 oozes (D:2)
  2 worms (D:2)
  A dart slug (D:1)
  2 ball pythons
  10 hobgoblins
  4 jackals (D:1)
  5 bats
  3 frilled lizards
  2 goblins
  4 kobolds
  4 rats
39 creatures vanquished.

Notes
Turn   | Place    | Note
-------+----------+-------------------------------------------
     0 | D:1      | Mithandil the Deep Elf Conjurer began the quest for the
                  | Orb.
     0 | D:1      | Reached XP level 1. HP: 10/10 MP: 6/6
    60 | D:1      | Reached XP level 2. HP: 15/15 MP: 0/8
    64 | D:1      | Learned a level 2 spell: Searing Ray
   519 | D:2      | Reached XP level 3. HP: 19/19 MP: 6/10
   960 | D:2      | Reached skill level 5 in Conjurations
  1367 | D:2      | Noticed Terence
  1424 | D:2      | Succumbed to an adder's poison

Levels and vault maps discovered:
D:1:      minmay_arrival_plants_in_alcoves, layout_rooms, grunt_decor_arrowhead,
          kennysheep_flooded_box
D:2:      layout_loops_ring, uniq_terence, uniq_crazy_yiuf_cottage
D:3:      minmay_diamond_boxcup, layout_basic, nicolae_overflow_hidden_temple,
          minmay_misc_feat_five

Skill      XL: |  1  2  3 |
---------------+----------+-----
Stealth        | 3 |  3.1
Spellcasting   | 4 |  4.2
Conjurations   | 5 |  5.1
Dodging        | |  2.4

Action                   || total
-------------------------++-------
 Cast: Magic Dart        ||   105
  Eat: Chunk             ||     1
Armor: Robe              ||     3
Dodge: Dodged            ||    13

Table legend:
 A = Non-vault XP
 B = Vault XP
 C = Vault XP percentage of total XP
 D = Non-vault monster count
 E = Vault monster count
 F = Vault count percentage of total count
                 A         B        C        D         E       F
            +---------+---------+-------+---------+---------+-------
      Total |      78 |       0 |   0.0 |      39 |       0 |   0.0
            +---------+---------+-------+---------+---------+-------
        D:1 |      35 |       0 |   0.0 |      22 |       0 |   0.0
        D:2 |      43 |       0 |   0.0 |      17 |       0 |   0.0
            +---------+---------+-------+---------+---------+-------
